 Dungeon Crawl Stone Soup version 0.22-a0-855-g415d086 (webtiles) character file.

193620 Aqweryyt the Eclecticist (level 17, -1/146 HPs)
             Began as a Red Draconian Venom Mage on July 26, 2018.
             Killed from afar by Aizul (13 damage)
             ... with a poison arrow
             ... on level 1 of the Vaults.
             The game lasted 05:48:35 (47737 turns).

Aqweryyt the Eclecticist (DrVM)                    Turns: 47737, Time: 05:48:36

Health: -1/146     AC: 14    Str: 12    XL:     17   Next: 65%
Magic:  0/45       EV: 14    Int: 22    God:
Gold:   1829       SH: 13    Dex: 20    Spells: 1/47 levels left

rFire    + . .     SeeInvis .   C - +8 demon whip "Pendulum" {venom, Dex+3}
rCold    + . .     Gourm    .   c - +0 shield
rNeg     . . .     Faith    .   (armour unavailable)
rPois    +         Spirit   +   Y - +0 hat of Ashenzari {Dex+4}
rElec    +         Reflect  +   S - scarf {Spirit}
rCorr    .         Harm     .   p - +1 pair of gloves "Parigge" {rElec rPois Stlth-}
MR       +....                  y - +2 pair of boots {Fly}
Stlth    +.........             d - +2 amulet of reflection
HPRegen  0.34/turn              Z - ring "Icvi" {rC+ Int+2}
MPRegen  0.29/turn              B - ring of magical power

@: lethally poisoned (-1 -> -3), very slightly contaminated, heavily drained
A: breathe fire, unfitting armour, fire resistance 1, cold-blooded, AC +9
}: 1/15 runes: decaying
a: Breathe Fire, Evoke Flight


You were on level 1 of the Vaults.
You were very full.

You visited 8 branches of the dungeon, and saw 35 of its levels.

You collected 2746 gold pieces.
You spent 917 gold pieces at shops.

Inventory:

Hand Weapons
 C - the +8 demon whip "Pendulum" (weapon) {venom, Dex+3}
   (You acquired it on level 2 of the Orcish Mines)

   It poisons the flesh of those it strikes.
   It affects your dexterity (+3).
Missiles
 z - 5 throwing nets (quivered)
Armour
 c - a +0 shield (worn)
 p - the +1 pair of gloves "Parigge" (worn) {rElec rPois Stlth-}
   (You found it on level 5 of the Lair of Beasts)

   It insulates you from electricity.
   It protects you from poison.
   It makes you less stealthy.
 y - a +2 pair of boots of flying (worn)
 S - a scarf of spirit shield (worn)
 Y - the +0 hat of Ashenzari (worn) {Dex+4}
   (You acquired it on level 3 of the Spider Nest)

   It affects your dexterity (+4).
Magical Staves
 n - an uncursed staff of wizardry
Jewellery
 d - a +2 amulet of reflection (around neck)
 h - an uncursed amulet of the gourmand
 t - an uncursed ring of resist corrosion
 B - a ring of magical power (right hand)
 O - an uncursed ring of wizardry
 R - an uncursed ring of wizardry
 Z - the ring "Icvi" (left hand) {rC+ Int+2}
   (You found it on level 6 of the Lair of Beasts)

   [ring of protection from cold]

   It affects your intelligence (+2).
   It protects you from cold.
Wands
 A - a wand of paralysis (91)
 D - a wand of disintegration (22)
 H - a wand of acid (25)
 I - a wand of enslavement (14)
 K - a wand of digging (20)
 N - a wand of scattershot (8)
 P - a wand of iceblast (6)
 T - a wand of flame (134)
 X - a wand of clouds (8)
Scrolls
 e - 2 scrolls of summoning
 f - 10 scrolls of remove curse
 i - 5 scrolls of fog
 k - 5 scrolls of enchant armour
 l - 6 scrolls of magic mapping
 m - 7 scrolls of enchant weapon
 o - 7 scrolls of amnesia
 v - a scroll of identify
 x - 3 scrolls of fear
 G - 4 scrolls of silence
 U - 4 scrolls of holy word
 V - 2 scrolls of vulnerability
Potions
 g - 5 potions of lignification
 q - 2 potions of brilliance
 r - 3 potions of ambrosia
 s - 5 potions of might
 u - a potion of heal wounds
 w - a potion of invisibility
 E - a potion of magic
 F - a potion of curing
 J - 3 potions of agility
 L - 2 potions of haste
 M - 3 potions of berserk rage
 Q - 3 potions of flight
 W - a potion of resistance
Comestibles
 b - 38 rations


   Skills:
 * Level 12.1(9.9) Fighting
 + Level 10.5(8.3) Maces & Flails
 + Level 6.2(4.3) Dodging
 - Level 3.0(1.3) Stealth
 * Level 10.6(8.4) Shields
 * Level 15.6(13.2) Spellcasting
 * Level 10.6(8.5) Conjurations
 * Level 7.5(5.5) Translocations
 + Level 11.2(9.1) Fire Magic
 * Level 8.2(6.2) Air Magic
 + Level 5.1(3.3) Earth Magic
 - Level 8.0(6.0) Poison Magic


You had one spell level left.
You knew the following spells:

 Your Spells              Type           Power        Failure   Level  Hunger
a - Sting                 Conj/Pois      ####         1%          1    None
b - Poisonous Vapours     Pois/Air       #####.       1%          2    None
c - Mephitic Cloud        Conj/Pois/Air  #####...     1%          3    None
d - Olgreb's Toxic Radia  Pois           #####...     9%          4    None
e - Throw Flame           Conj/Fire      ######       1%          2    None
f - Conjure Flame         Conj/Fire      ######..     1%          3    None
g - Sticky Flame          Conj/Fire      ######..     2%          4    None
h - Swiftness             Chrm/Air       ####....     4%          2    None
i - Passwall              Tmut/Erth      ###.....     8%          2    None
j - Force Lance           Conj/Tloc      #####...     5%          4    None
k - Apportation           Tloc           #####.       1%          1    None
l - Summon Butterflies    Summ           ##......     10%         1    None
m - Fireball              Conj/Fire      ######....   8%          5    ###....
n - Passage of Golubria   Tloc           N/A          10%         4    None
o - Lee's Rapid Deconstr  Erth           ####......   56%         5    ###....
p - Dazzling Spray        Conj/Hex       ####..       5%          3    None

Your spell library contained the following spells:

 Spells                   Type           Power        Failure   Level  Hunger
 Magic Dart               Conj           ####         1%          1    None
 Bolt of Cold             Conj/Ice       ####......   95%         6    #####..
 Invisibility             Hex            ##......     100%        6    #####..
 Controlled Blink         Tloc           N/A          100%        8    #######
 Freezing Cloud           Conj/Ice/Air   #####.....   90%         6    #####..
 Venom Bolt               Conj/Pois      #####.....   14%         5    ###....
 Iskenderun's Mystic Bla  Conj           ######..     3%          4    None
 Ozocubu's Refrigeration  Ice            ##........   100%        6    #####..
 Tukima's Dance           Hex            ##......     30%         3    None
 Blade Hands              Tmut           ##........   95%         5    ###....
 Statue Form              Tmut/Erth      ###......    100%        6    #####..
 Ice Form                 Ice/Tmut       ##......     69%         4    None
 Dragon Form              Tmut           ##........   100%        7    ######.
 Flame Tongue             Conj/Fire      #####        1%          1    None
 Metabolic Englaciation   Hex/Ice        ##........   95%         5    ###....
 Dispersal                Tloc           #####.....   83%         6    #####..
 Alistair's Intoxication  Tmut/Pois      ####....     63%         5    ###....
 Simulacrum               Ice/Necr       ##........   100%        6    #####..
 Portal Projectile        Hex/Tloc       ####..       10%         3    None
 Darkness                 Hex            ##........   100%        6    #####..
 Inner Flame              Hex/Fire       ####....     4%          3    None
 Beastly Appendage        Tmut           ##....       10%         1    None
 Disjunction              Tloc           #####.....   100%        8    #######
 Fulminant Prism          Conj/Hex       ####......   17%         4    None
 Searing Ray              Conj           ######       1%          2    None
 Gell's Gravitas          Tloc           #####.....   3%          3    None
 Lesser Beckoning         Tloc           #####.....   3%          3    None


Dungeon Overview and Level Annotations

Branches:
Dungeon (15/15)            Temple (0/1) D:5            Lair (6/6) D:11
  Swamp (4/4) Lair:3       Spider (3/4) Lair:2        Slime (0/5) Lair:6
    Orc (2/2) D:11            Elf (2/3) Orc:2        Vaults (1/5) D:13
 Depths (2/5) D:15

Altars:
Dithmenos
Makhleb
Nemelex Xobeh
Okawaru
Qazlal
Trog
Uskayaw
Vehumet
Beogh
Jiyva

Shops:
Orc:2 }%[==(?

Portals:
Hell: Depths:1
Ziggurat: Depths:1

Annotations:
Swamp:4 2 transporters, phirt's ghost, adept OgHu
Orc:1 1 transporter
Vaults:1 Aizul


Innate Abilities, Weirdness & Mutations

You can breathe blasts of fire.
Your fiery red scales are hard. (AC +9)
You cannot fit into any form of body armour.
Your flesh is heat resistant. (rF+)
You are cold-blooded and may be slowed by cold attacks.


Message History

* * * LOW HITPOINT WARNING * * *
As you read the scroll of fog, it crumbles to dust.
The scroll dissolves into smoke.
* * * LOW HITPOINT WARNING * * *
You feel sick.
Aizul coils herself and waves her upper body at you.
The bolt of poison hits you!
You are more poisoned.
You resist.
* * * LOW HITPOINT WARNING * * *
Aizul says, "Sweet dreams!"
You feel better.
As you read the scroll of summoning, it crumbles to dust.
Wisps of shadow whirl around you... You block Aizul's attack.
You swap places.
Aizul casts a spell at you. The poison arrow hits you!
You are poisoned.
You partially resist.
You die...

# #.
#'###########
#...........#
#...§§§§....#
#...§o§§p...#
#...§SoD§§..#
#..§oo§@§§..'.
#...§§§§§§..#.
#....§§§§§..#
#...........#
#############


You could see Aizul, an acid dragon, a friendly orc knight, a friendly vault
sentinel and 2 friendly orcs.

Vanquished Creatures
  Asterion (Elf:1)
  Frances (D:13)
  Roxanne (D:15)
  An orc warlord (Orc:1)
  A deep elf sorcerer (Vaults:1)
  A deep elf elementalist (Depths:2)
  2 emperor scorpions
  Azrael (Orc:2)
  Nessos (Lair:6)
  2 entropy weavers
  A dire elephant (D:15)
  A spark wasp (shapeshifter) (D:15)
  Snorg (D:11)
  An ettin (Depths:1)
  The ghost of BaronVonScrub the Cruncher, a journeyman FoFi (D:14)
  A fire dragon (Depths:1)
  3 ogre magi
  4 ice dragons (Swamp:4)
  2 great orbs of eyes (Depths:1)
  9 hydras
  A rakshasa (Depths:1)
  16 two-headed ogres
  A ghost crab (Swamp:2)
  14 alligators
  A centaur warrior (D:15)
  An anaconda (shapeshifter) (Depths:1)
  A merfolk avatar (Lair:6)
  A catoblepas (D:14)
  14 death yaks
  A vampire mage (Depths:1)
  6 orc high priests
  A dancing weapon (Orc:2)
  2 spriggan berserkers
  Sonja (D:12)
  4 deep elf knights
  A shadow wraith (D:14)
  An unseen horror (D:13)
  The ghost of themadone the Chopper, a novice OgBe of Trog (D:6)
  A sea snake (Lair:6)
  2 spriggan druids
  9 deep elf archers
  A shambling mangrove (Swamp:2)
  2 swamp dragons
  Pikel (D:4)
  7 orc knights
  7 orb spiders
  A phantasmal warrior (D:14)
  5 orc sorcerers
  19 deep elf magi
  6 ugly things (Depths:1)
  An orb spider (shapeshifter) (Elf:1)
  A cyclops (D:15)
  9 wolf spiders
  A salamander (shapeshifter) (D:15)
  2 manticores
  2 salamanders
  Maurice (D:8)
  12 elephants
  7 black mambas
  3 gargoyles
  7 demonic crawlers
  2 kobold demonologists (D:15)
  4 centaur skeletons
  22 spiny frogs
  9 freezing wraiths
  13 komodo dragons
  8 rime drakes
  An efreet (D:14)
  3 meliai (D:13)
  A wind drake (shapeshifter) (Vaults:1)
  23 jumping spiders
  15 hornets
  3 polar bears
  A troll (shapeshifter) (Elf:1)
  7 trolls
  7 tyrant leeches
  A queen bee (D:13)
  4 bog bodies
  A harpy skeleton (D:14)
  A wind drake (Lair:6)
  Grinder (D:3)
  6 blink frogs
  9 hippogriffs
  A slime creature (D:12)
  A redback (shapeshifter) (Depths:1)
  2 air elementals (Elf:1)
  A centaur simulacrum (D:15)
  A tarantella (shapeshifter) (Elf:1)
  8 tarantellas
  16 redbacks
  3 shadows
  7 wyverns
  3 water elementals
  7 wraiths
  A vampire (D:13)
  11 spriggans
  4 fire elementals
  4 basilisks
  28 yaks
  2 hungry ghosts (D:12)
  3 swamp worm simulacra (Swamp:4)
  9 vampire mosquitoes
  7 wargs
  3 insubstantial wisps (Swamp:2)
  14 swamp worms
  16 water moccasins
  2 floating eyes (D:12)
  A hell hound (Orc:2)
  14 porcupines
  11 hydra simulacra (Swamp:4)
  39 orc warriors
  5 swamp drakes
  4 sky beasts
  4 black bears
  3 eyes of draining
  5 ice beasts
  3 phantoms
  12 ogres
  10 crocodiles
  12 wolves
  2 centaurs
  3 big kobolds
  20 bullfrogs
  2 wyvern zombies
  2 earth elementals (Elf:1)
  2 water moccasin zombies
  2 wyvern skeletons
  3 scorpions
  39 killer bees
  3 howler monkeys
  18 wights
  6 electric eels
  9 crimson imps
  2 bullfrog zombies
  Crazy Yiuf (D:3)
  3 centaur zombies
  3 jellies
  6 hounds
  36 orc priests
  5 bullfrog skeletons
  32 orc wizards
  4 iguanas
  Ijyb (D:3)
  6 hell rats
  9 worker ants
  A worker ant zombie (D:2)
  8 gnolls
  A howler monkey skeleton (D:4)
  15 adders
  5 shadow imps
  12 white imps (Lair:6)
  5 swamp drake simulacra (Swamp:4)
  An ooze (D:3)
  An adder zombie (D:5)
  An adder skeleton (D:6)
  4 worms
  2 dart slugs
  6 leopard geckos
  100 orcs
  A bat skeleton (D:2)
  A bat zombie (D:2)
  13 giant cockroaches
  14 goblins
  9 hobgoblins
  9 jackals
  18 kobolds
  8 quokkas
  2 ball pythons
  9 bats
  8 frilled lizards
  A leopard gecko skeleton (D:5)
  7 rats
1111 creatures vanquished.

Vanquished Creatures (others)
  2 alligators (Swamp:4)
  A cyclops (D:13)
  A blink frog (Swamp:4)
  A killer bee (D:13)
  3 orcs (Orc:2)
  A giant cockroach (D:4)
  A quokka skeleton (D:4)
  20 fungi
  26 plants
56 creatures vanquished.

Grand Total: 1167 creatures vanquished

Notes
Turn   | Place    | Note
-------+----------+-------------------------------------------
     0 | D:1      | Aqweryyt the Draconian Venom Mage began the quest for the Orb.
     0 | D:1      | Reached XP level 1. HP: 14/14 MP: 3/3
   199 | D:1      | Reached XP level 2. HP: 20/20 MP: 5/5
   206 | D:1      | Learned a level 2 spell: Poisonous Vapours
   936 | D:2      | Reached XP level 3. HP: 23/27 MP: 6/6
  1010 | D:2      | Found a hide-covered altar of Uskayaw.
  1060 | D:2      | Reached skill level 1 in Fighting
  1252 | D:2      | Reached XP level 4. HP: 20/35 MP: 4/7
  1269 | D:2      | Learned a level 3 spell: Mephitic Cloud
  1476 | D:2      | Found a radiant altar of Vehumet.
  1480 | D:2      | Found an iron altar of Okawaru.
  1624 | D:2      | Reached skill level 1 in Maces & Flails
  1783 | D:2      | Reached skill level 3 in Spellcasting
  1783 | D:2      | Reached XP level 5. HP: 40/40 MP: 1/9
  1975 | D:3      | Noticed Ijyb
  1989 | D:3      | Killed Ijyb
  2012 | D:3      | Reached skill level 1 in Air Magic
  2190 | D:3      | Found a burning altar of Makhleb.
  2190 | D:3      | Found a shadowy altar of Dithmenos.
  2288 | D:3      | Noticed Grinder
  2321 | D:4      | Learned a level 4 spell: Olgreb's Toxic Radiance
  2334 | D:4      | Reached XP level 6. HP: 48/48 MP: 6/11
  2513 | D:4      | Found a bloodstained altar of Trog.
  2585 | D:4      | Noticed Pikel
  2587 | D:4      | Noticed a slave
  2587 | D:4      | Noticed a slave
  2588 | D:4      | Noticed a slave
  2589 | D:4      | Noticed a slave
  2597 | D:4      | Killed Pikel
  2597 | D:4      | Reached skill level 4 in Spellcasting
  2597 | D:4      | Your scales start taking on a fiery red colour.
  2597 | D:4      | Reached XP level 7. HP: 55/57 MP: 1/14
  2597 | D:4      | Gained mutation: Your flesh is heat resistant. (rF+) [Red Draconian growth]
  2867 | D:4      | Reached skill level 5 in Spellcasting
  3084 | D:4      | Learned a level 2 spell: Throw Flame
  3088 | D:4      | Learned a level 3 spell: Conjure Flame
  3349 | D:5      | Entered Level 5 of the Dungeon
  3389 | D:5      | Found a stormy altar of Qazlal.
  3418 | D:5      | Found a staircase to the Ecumenical Temple.
  3785 | D:5      | Reached skill level 1 in Fire Magic
  3785 | D:5      | Reached XP level 8. HP: 66/66 MP: 6/15
  4553 | D:6      | Reached skill level 5 in Poison Magic
  4634 | D:6      | Found a runed door.
  4637 | D:6      | Noticed themadone's ghost (novice OgBe)
  4676 | D:6      | Got a shimmering rapier
  4677 | D:6      | Identified the +4 rapier of Exoneration {pierce, Str+4} (You found it on level 6 of the Dungeon)
  4811 | D:6      | Found a sparkling altar of Nemelex Xobeh.
  5249 | D:7      | Reached XP level 9. HP: 72/72 MP: 11/17
  5441 | D:7      | Reached skill level 5 in Maces & Flails
  5442 | D:7      | Reached skill level 6 in Spellcasting
  5908 | D:8      | Noticed a two-headed ogre
  5932 | D:8      | Killed a two-headed ogre
  5932 | D:8      | Reached skill level 5 in Fighting
  5932 | D:8      | Reached skill level 1 in Shields
  5948 | D:8      | Noticed Maurice
  5960 | D:8      | Killed Maurice
  6097 | D:8      | Noticed a two-headed ogre
  6200 | D:8      | Reached XP level 10. HP: 67/81 MP: 7/20
  6396 | D:8      | Killed a two-headed ogre
  6396 | D:8      | Reached skill level 7 in Spellcasting
  6451 | D:8      | Learned a level 4 spell: Sticky Flame
  6454 | D:8      | Learned a level 2 spell: Swiftness
  6457 | D:8      | Learned a level 2 spell: Passwall
  6689 | D:9      | Reached skill level 5 in Fire Magic
  7413 | D:10     | Entered Level 10 of the Dungeon
  7910 | D:10     | Reached skill level 5 in Conjurations
  8216 | D:11     | Found a staircase to the Orcish Mines.
  8451 | D:11     | Reached XP level 11. HP: 57/89 MP: 22/22
  8579 | D:11     | Noticed a death yak
  8582 | D:11     | Noticed a death yak
  8597 | D:11     | Noticed a death yak
  8599 | D:11     | Killed a death yak
  8599 | D:11     | Reached skill level 8 in Spellcasting
  8606 | D:11     | Killed a death yak
  8625 | D:11     | Killed a death yak
  8978 | D:11     | Noticed Snorg
  9013 | D:11     | Killed Snorg
  9196 | D:11     | Found a staircase to the Lair.
  9579 | Lair:1   | Entered Level 1 of the Lair of Beasts
  9662 | Orc:1    | Entered Level 1 of the Orcish Mines
  9664 | Orc:1    | Noticed an orc high priest
  9681 | Orc:1    | Noticed a sixfirhy
  9810 | Orc:1    | Killed an orc high priest
  9841 | Orc:1    | Noticed an orc sorcerer
  9849 | Orc:1    | Paralysed by an orc sorcerer for 3 turns
  9855 | Orc:1    | Killed an orc sorcerer
  9857 | Orc:1    | Noticed an orc sorcerer
 10126 | Orc:1    | Killed an orc sorcerer
 10333 | Orc:1    | Reached skill level 1 in Earth Magic
 10339 | Orc:1    | Reached skill level 5 in Shields
 10445 | Orc:1    | Reached skill level 9 in Spellcasting
 10482 | Orc:1    | Learned a level 4 spell: Force Lance
 10487 | Orc:1    | Found a transporter.
 10531 | Orc:1    | You fall through a shaft!
 10531 | Orc:2    | Entered Level 2 of the Orcish Mines
 10531 | Orc:2    | Found Vooll's Food Emporium.
 10531 | Orc:2    | Noticed an orc knight
 10531 | Orc:2    | Noticed an orc high priest
 10531 | Orc:2    | Noticed an orc knight
 10531 | Orc:2    | Noticed an orc high priest
 10532 | Orc:2    | Noticed an orc high priest
 10533 | Orc:2    | Noticed a sun demon
 10533 | Orc:2    | Noticed an orc knight
 10534 | Orc:2    | Noticed a sun demon
 10536 | Orc:2    | Noticed an orc high priest
 10544 | Orc:2    | Found Izxiraubb's Magic Scroll Shop.
 10555 | Orc:2    | Noticed Azrael
 10557 | Orc:2    | Found Rozeak's Jewellery Emporium.
 10741 | Orc:1    | Noticed an orc sorcerer
 10745 | Orc:1    | Noticed an orc knight
 10758 | Orc:1    | Reached XP level 12. HP: 82/100 MP: 10/25
 10928 | Orc:1    | Found a roughly hewn altar of Beogh.
 11972 | Orc:2    | Noticed an orc warlord
 13163 | D:12     | Noticed an eight-headed hydra
 13173 | D:12     | Killed an eight-headed hydra
 13643 | Lair:1   | Learned a level 1 spell: Apportation
 13645 | Lair:1   | Learned a level 1 spell: Summon Butterflies
 13720 | Lair:1   | Noticed an eight-headed hydra
 13729 | Lair:1   | Killed an eight-headed hydra
 13729 | Lair:1   | Reached skill level 5 in Air Magic
 13884 | Lair:1   | Reached skill level 1 in Translocations
 14607 | Lair:1   | Reached skill level 10 in Spellcasting
 14945 | Lair:2   | Found a hole to the Spider Nest.
 15308 | Lair:2   | Got a fine war axe
 15309 | Lair:2   | Identified the +9 war axe of Gallantry {chop, Dex+3} (You found it on level 2 of the Lair of Beasts)
 15871 | Lair:3   | Got a fine long sword
 15872 | Lair:3   | Identified the +9 long sword "Coliosk" {drain, rPois Str+2 Dex-3 Stlth+} (You found it on level 3 of the Lair of Beasts)
 16010 | Lair:3   | Reached XP level 13. HP: 78/107 MP: 16/27
 19538 | Lair:5   | Reached skill level 11 in Spellcasting
 20065 | Lair:5   | Got a pair of transparent gloves
 20076 | Lair:5   | Identified the +1 pair of gloves "Parigge" {rElec rPois Stlth-} (You found it on level 5 of the Lair of Beasts)
 20200 | Lair:5   | Learned a level 5 spell: Fireball
 20585 | Lair:6   | Entered Level 6 of the Lair of Beasts
 21118 | Lair:6   | Found a viscous altar of Jiyva.
 21138 | Lair:6   | Noticed Nessos
 21223 | Lair:6   | Paralysed by a hornet for 3 turns
 21585 | D:12     | Noticed Sonja
 21591 | D:12     | Paralysed by Sonja for 5 turns
 21593 | D:12     | Killed Sonja
 22094 | D:12     | Reached XP level 14. HP: 104/118 MP: 7/29
 22101 | D:12     | Paralysed by a floating eye for 4 turns
 23271 | D:13     | Reached skill level 5 in Dodging
 23500 | D:13     | Found a gate to the Vaults.
 23576 | D:13     | Noticed Frances
 23723 | Orc:1    | Killed an orc warlord
 23723 | Orc:1    | Reached skill level 12 in Spellcasting
 24429 | Orc:2    | Killed Azrael
 24669 | Orc:2    | Found Gawn's Weapon Shoppe.
 25034 | Orc:2    | Found a staircase to the Elven Halls.
 25359 | Orc:2    | Reached skill level 10 in Fighting
 25881 | Orc:2    | Reached skill level 10 in Fire Magic
 26141 | Orc:2    | Found Fuypp's Gadget Shoppe.
 26141 | Orc:2    | Found Caet's Jewellery Shoppe.
 26142 | Orc:2    | Found Diots's Armour Shoppe.
 26237 | Orc:2    | Bought a scroll of teleportation for 42 gold pieces
 26237 | Orc:2    | Bought a scroll of teleportation for 42 gold pieces
 26237 | Orc:2    | Bought a scroll of acquirement for 728 gold pieces
 26237 | Orc:2    | Bought a scroll of blinking for 105 gold pieces
 26248 | Orc:2    | Got a shimmering demon whip
 26249 | Orc:2    | Identified the +8 demon whip "Pendulum" {venom, Dex+3} (You acquired it on level 2 of the Orcish Mines)
 26471 | D:6      | Killed themadone's ghost
 27315 | Lair:6   | Reached XP level 15. HP: 111/126 MP: 5/31
 27331 | Lair:6   | Got a translucent amber ring
 27354 | Lair:6   | Killed Nessos
 28142 | Lair:6   | Reached skill level 13 in Spellcasting
 28192 | Lair:6   | Reached skill level 5 in Earth Magic
 28219 | Lair:6   | Identified the ring "Icvi" {rC+ Int+2} (You found it on level 6 of the Lair of Beasts)
 28651 | Lair:6   | Found a staircase to the Slime Pits.
 28824 | Lair:3   | Found a staircase to the Swamp.
 29017 | Spider:1 | Entered Level 1 of the Spider Nest
 31591 | Spider:3 | Got a brightly glowing hat
 31597 | Spider:3 | Identified the +0 hat of Ashenzari {Dex+4} (You acquired it on level 3 of the Spider Nest)
 32057 | Elf:1    | Entered Level 1 of the Elven Halls
 32232 | Elf:1    | Reached skill level 14 in Spellcasting
 32668 | D:3      | Killed Grinder
 33108 | D:3      | Found a runed door.
 33112 | D:3      | Noticed Crazy Yiuf
 33116 | D:3      | Killed Crazy Yiuf
 33456 | D:13     | Killed Frances
 33456 | D:13     | Reached XP level 16. HP: 101/137 MP: 12/34
 34109 | D:14     | Found a runed gate.
 34110 | D:14     | Found a runed gate.
 34111 | D:14     | Found a runed gate.
 34115 | D:14     | Noticed BaronVonScrub's ghost (journeyman FoFi)
 34663 | D:15     | Entered Level 15 of the Dungeon
 34734 | D:14     | Learned a level 4 spell: Passage of Golubria
 34740 | D:14     | Learned a level 5 spell: Lee's Rapid Deconstruction
 34919 | D:14     | Killed BaronVonScrub's ghost
 35373 | D:14     | Reached skill level 5 in Translocations
 35666 | D:15     | Found a staircase to the Depths.
 35959 | D:15     | Noticed Roxanne
 36101 | D:15     | Got a slimy mace {vamp}
 36109 | D:15     | Identified the cursed +1 mace of Duty {vamp, Str+5 Dex+2} (You took it off a crimson imp on level 15 of the Dungeon)
 36707 | D:15     | Reached skill level 10 in Maces & Flails
 37205 | Depths:1 | Entered Level 1 of the Depths
 38084 | Depths:1 | Found a gateway to Hell.
 38171 | Depths:1 | Reached skill level 10 in Shields
 38452 | Depths:1 | Found a gateway to a ziggurat.
 38452 | Depths:1 | Noticed an ancient lich
 38453 | Depths:1 | Noticed a Tzitzimitl
 38912 | D:15     | Killed Roxanne
 38920 | D:15     | Identified Roxanne's Compendium of Changing (You took it off Roxanne on level 15 of the Dungeon)
 39742 | Elf:1    | Reached skill level 10 in Conjurations
 40028 | Elf:1    | Noticed Asterion
 40043 | Elf:1    | Killed Asterion
 40467 | Elf:1    | Reached skill level 15 in Spellcasting
 41152 | Swamp:1  | Entered Level 1 of the Swamp
 41434 | Swamp:1  | Reached XP level 17. HP: 90/145 MP: 12/36
 42871 | Swamp:2  | Learned a level 3 spell: Dazzling Spray
 44923 | Swamp:4  | Entered Level 4 of the Swamp
 45709 | Swamp:4  | Found a transporter.
 45714 | Swamp:4  | Found a transporter.
 45714 | Swamp:4  | Noticed phirt's ghost (adept OgHu)
 46937 | Swamp:4  | Got a decaying rune of Zot
 47192 | Swamp:3  | Upgraded the game from 0.22-a0-854-gf11f912 to 0.22-a0-855-g415d086
 47360 | Vaults:1 | Entered Level 1 of the Vaults
 47530 | Vaults:1 | Got a warped hand axe
 47531 | Vaults:1 | Identified the +7 hand axe of the Big Bang {flame, rPois Int+3} (You found it on level 1 of the Vaults)
 47733 | Vaults:1 | Noticed Aizul
 47734 | Vaults:1 | HP: 6/145 [Aizul/bolt of poison (5)]
 47737 | Vaults:1 | Killed from afar by Aizul

Vault maps used:
D:1:      matt_arrival_refuge, minmay_misc_feat_roman
D:2:      old_standard_altar, nicolae_overflow_hidden_temple, serial_undead,
          serial_undead_a, serial_undead_e, serial_undead_f, serial_undead_e,
          serial_undead_f, serial_undead_e, serial_undead_e, serial_undead_c,
          minmay_misc_feat_cross
D:3:      gammafunk_temple_overflow_pools, first_ration,
          uniq_crazy_yiuf_cottage, uniq_grinder, uniq_ijyb
D:4:      trog_hazing_becter, uniq_pikel
D:5:      overflow_temple_1_default, temple_fountains
D:6:      ebering_ghost_reflecting_pool, nemelex_altar_shiori
D:7:      serial_glass, glass_columns_c, glass_columns_b
D:8:      uniq_maurice
D:9:      the_bakery, nicolae_zen_rock_garden, water_maze_lemuel
D:10:     kennysheep_generic_room_9
D:11:     dpeg_lair_monsters, erik_orc_1, uniq_snorg
D:12:     serial_glass, glass_columns_b, glass_columns_a, onia_ninara_cookie,
          uniq_sonja
D:13:     david_vaults_2, minivault_10, nrook_mini_vaults,
          minmay_misc_feat_hallway, kennysheep_another_room, st_stairs_14,
          uniq_frances
D:14:     nicolae_two_hexagons, gammafunk_ghost_spectres
D:15:     hangedman_depths_entry_try_elsewhere_first, grunt_decor_fettered,
          hangedman_decor_points, grunt_ministairs_2, small_statue_alley_a,
          uniq_roxanne
Lair:1:   st_stairs_13, beast_lair_carwin_8
Lair:2:   spider_nest_entry_web_field, nicolae_quartered_pool_little,
          grunt_megastairs_5
Lair:3:   nicolae_swamp_entry_splash_gauntlet, minivault_19,
          serial_bayou_shore_b
Lair:4:   infiniplex_staircase_pool, grunt_megastairs_2
Lair:5:   minivault_25, beast_lair_carwin_4
Lair:6:   gammafunk_lair_ancient_temple, slime_altar_1,
          portal_ice_cave_entry_imps, fungi_pond_lemuel, uniq_nessos
Swamp:1:  evilmike_swamp_ruin_rubble_1
Swamp:2:  hangedman_swamp_cone, swamp_pool2
Swamp:3:  hangedman_swamp_blocks
Swamp:4:  swamp_icy, gammafunk_ghost_arena, swamp_pool2
Spider:2: hive_lemuel
Spider:3: ebering_ghost_rock_garden, spiders_nest_ghost_moth_duel
Orc:1:    gammafunk_beogh_shrine, basic_altar, mines5_lemuel
Orc:2:    st_orc_pillars, serial_shops, shop, shop, shop_statue,
          nicolae_orc_bridge_out, guppyfry_library_mini, uniq_azrael
Elf:1:    elf_arrival_001, hangedman_elven_crosses_minicolossus,
          serial_sigils_hangedman_snap, grunt_ministairs_11, minmay_shop_grove,
          uniq_asterion
Elf:2:    serial_shops, shop, nicolae_shop_overgrown_old_shop, minivault_28
Vaults:1: dpeg_vaults_monster_row, grunt_vaults_trifunnel,
          ontoclasm_vaults_misaligned, st_eye, nicolae_vaults_alarming,
          v_pattern_4, nicolae_vaults_mini_display_case, vaults_mumra_chevron,
          nicolae_vaults_three_branches, ontoclasm_vaults_shuriken,
          vaults_room_semicircle, v_misc_13, uniq_aizul
Depths:1: enter_ziggurat_d, pf_hell_entry_great_geh, serial_bayou_pond_c,
          lightli_fourway_metalbox, kennysheep_random_hallway,
          infiniplex_staircase_pool_lava, serial_bayou_shore_b,
          serial_bayou_shore_b
Depths:2: minmay_cut_squares, hell_entry

Skill      XL: |  1  2  3  4  5  6  7  8  9 10 11 12 13 14 15 16 17 |
---------------+----------------------------------------------------+-----
Fighting       | 1 2 3 4 5 6 7 8 9 10 11 12 | 12.1
Dodging        | 2 3 4 5 6 |  6.2
Maces & Flails | 1 2 3 4 6 7 8 9 10 | 10.5
Stealth        | 2 3 |  3.0
Poison Magic   | 4 5 6 7 8 |  8.0
Spellcasting   | 3 4 5 6 7 9 10 11 12 14 15 | 15.6
Air Magic      | 1 2 3 4 5 6 7 8 |  8.2
Conjurations   | 2 3 5 6 7 8 9 10 | 10.6
Fire Magic     | 1 2 4 5 6 8 9 10 11 | 11.2
Shields        | 2 3 5 6 7 8 9 10 | 10.6
Earth Magic    | 1 2 4 5 |  5.1
Translocations | 2 4 6 7 |  7.5

Action                   |  1- 3 |  4- 6 |  7- 9 | 10-12 | 13-15 | 16-18 || total
-------------------------+-------+-------+-------+-------+-------+-------++-------
Melee: Unarmed           |     5 |       |       |       |       |       ||     5
       Club              |     4 |       |       |       |       |       ||     4
       Dagger            |    55 |   113 |    40 |       |       |       ||   208
       Tailslap          |     6 |     7 |    28 |    43 |    90 |   107 ||   281
       Whip              |       |       |   113 |       |       |       ||   113
       Flail             |       |       |    48 |       |       |       ||    48
       Dire flail        |       |       |    47 |   299 |       |       ||   346
       Morningstar       |       |       |       |    80 |   396 |       ||   476
       Demon whip        |       |       |       |       |   334 |   618 ||   952
Throw: Stone             |       |       |     7 |     7 |       |       ||    14
       Throwing net      |       |       |       |       |     3 |     1 ||     4
       Tomahawk          |       |       |       |       |    32 |       ||    32
 Cast: Sting             |    12 |     1 |       |     3 |    15 |    10 ||    41
       Poisonous Vapours |    13 |    37 |    65 |   150 |   338 |   146 ||   749
       Olgreb's Toxic Ra |       |     1 |     9 |    70 |   120 |    82 ||   282
       Throw Flame       |       |       |     6 |    78 |   117 |   220 ||   421
       Conjure Flame     |       |       |     3 |    18 |    21 |     4 ||    46
       Mephitic Cloud    |       |       |     2 |    15 |    56 |    47 ||   120
       Sticky Flame      |       |       |       |    15 |    26 |    59 ||   100
       Force Lance       |       |       |       |     7 |   113 |    57 ||   177
       Fireball          |       |       |       |       |    11 |    45 ||    56
       Summon Butterflie |       |       |       |       |     6 |     3 ||     9
       Swiftness         |       |       |       |       |     2 |     1 ||     3
       Apportation       |       |       |       |       |     2 |     1 ||     3
       Lee's Rapid Decon |       |       |       |       |       |    16 ||    16
       Passwall          |       |       |       |       |       |     6 ||     6
       Passage of Golubr |       |       |       |       |       |     1 ||     1
 Abil: Breathe Fire      |       |       |     7 |    18 |    30 |    11 ||    66
       Stop Flying       |       |       |       |       |     2 |     2 ||     4
       Evoke Flight      |       |       |       |       |     2 |     1 ||     3
Evoke: Wand              |       |       |     1 |       |    26 |       ||    27
  Use: Potion            |       |     1 |     2 |     5 |     5 |     2 ||    15
       Scroll            |       |     1 |     1 |    23 |    24 |    23 ||    72
 Stab: Sleeping          |     2 |     1 |     6 |     2 |       |     1 ||    12
       Confused          |       |       |       |       |     5 |    10 ||    15
       Petrified         |       |       |       |       |     3 |       ||     3
       Distracted        |       |       |       |       |     1 |       ||     1
       Petrifying        |       |       |       |       |       |     2 ||     2
  Eat: Chunk             |     2 |     7 |    11 |    32 |    57 |    75 ||   184
       Ration            |       |       |     1 |     4 |     9 |     1 ||    15
Armor: Skin              |    26 |    52 |    81 |   136 |   275 |   156 ||   726
Dodge: Dodged            |    36 |    90 |   177 |   266 |   454 |   323 ||  1346
Block: Shield            |       |       |       |    37 |   532 |   352 ||   921
       Reflection        |       |       |       |       |     8 |       ||     8

Table legend:
 A = Spawn XP
 B = Non-spawn XP
 C = Spawn XP percentage of total XP
 D = Spawn monster count
 E = Non-spawn monster count
 F = Spawn count percentage of total count
 G = Total turns spent on level
                    A         B        C        D         E        F      G
               +---------+---------+-------+---------+---------+-------+---------
         Total |       0 |  264050 |   0.0 |       0 |    1114 |   0.0 | 47737
               +---------+---------+-------+---------+---------+-------+---------
           D:1 |       0 |      40 |   0.0 |       0 |      21 |   0.0 |   925
           D:2 |       0 |     146 |   0.0 |       0 |      39 |   0.0 |   958
           D:3 |       0 |     604 |   0.0 |       0 |      37 |   0.0 |   990
           D:4 |       0 |     890 |   0.0 |       0 |      23 |   0.0 |  1079
           D:5 |       0 |     420 |   0.0 |       0 |      21 |   0.0 |  1038
           D:6 |       0 |    1430 |   0.0 |       0 |      18 |   0.0 |   687
           D:7 |       0 |    1280 |   0.0 |       0 |      31 |   0.0 |  1110
           D:8 |       0 |    3404 |   0.0 |       0 |      26 |   0.0 |   771
           D:9 |       0 |    1633 |   0.0 |       0 |      24 |   0.0 |   962
          D:10 |       0 |    1260 |   0.0 |       0 |      20 |   0.0 |   668
          D:11 |       0 |    7651 |   0.0 |       0 |      56 |   0.0 |  2707
          D:12 |       0 |    6342 |   0.0 |       0 |      36 |   0.0 |  1014
          D:13 |       0 |   13752 |   0.0 |       0 |      59 |   0.0 |  2002
          D:14 |       0 |   10414 |   0.0 |       0 |      42 |   0.0 |  1538
          D:15 |       0 |   13372 |   0.0 |       0 |      32 |   0.0 |  2040
        Lair:1 |       0 |    6283 |   0.0 |       0 |      27 |   0.0 |  1705
        Lair:2 |       0 |    2739 |   0.0 |       0 |      18 |   0.0 |  1393
        Lair:3 |       0 |    6431 |   0.0 |       0 |      30 |   0.0 |  2191
        Lair:4 |       0 |    7993 |   0.0 |       0 |      25 |   0.0 |  1633
        Lair:5 |       0 |    8372 |   0.0 |       0 |      25 |   0.0 |  2063
        Lair:6 |       0 |   25208 |   0.0 |       0 |      70 |   0.0 |  1988
       Swamp:1 |       0 |   11884 |   0.0 |       0 |      33 |   0.0 |  1321
       Swamp:2 |       0 |   14185 |   0.0 |       0 |      31 |   0.0 |  1762
       Swamp:3 |       0 |    4469 |   0.0 |       0 |      12 |   0.0 |   909
       Swamp:4 |       0 |   12195 |   0.0 |       0 |      42 |   0.0 |  2074
      Spider:1 |       0 |    8571 |   0.0 |       0 |      18 |   0.0 |   860
      Spider:2 |       0 |   16713 |   0.0 |       0 |      44 |   0.0 |  1606
      Spider:3 |       0 |    3953 |   0.0 |       0 |      11 |   0.0 |    79
         Orc:1 |       0 |   10288 |   0.0 |       0 |      66 |   0.0 |  3703
         Orc:2 |       0 |   17032 |   0.0 |       0 |     105 |   0.0 |  2565
         Elf:1 |       0 |   18463 |   0.0 |       0 |      33 |   0.0 |  1638
         Elf:2 |       0 |     535 |   0.0 |       0 |       1 |   0.0 |    80
      Vaults:1 |       0 |    9270 |   0.0 |       0 |      14 |   0.0 |   377
      Depths:1 |       0 |   14544 |   0.0 |       0 |      22 |   0.0 |  1241
      Depths:2 |       0 |    2284 |   0.0 |       0 |       2 |   0.0 |    60
               +---------+---------+-------+---------+---------+-------+---------
